 Dungeon Crawl Stone Soup version 0.29-a0-362-g5854e031c7 (webtiles) character file.

Game seed: 11914782401118124797

3477 sammy202020 the Fighter (level 9, 0/75 HPs)
             Began as a Demonspawn Berserker on Apr 30, 2022.
             Was an Elder of Trog.
             Slain by a killer bee (7 damage)
             ... on level 8 of the Dungeon.
             The game lasted 00:14:08 (7937 turns).

sammy202020 the Fighter (Demonspawn Berserker)      Turns: 7937, Time: 00:14:08

Health: 0/75       AC: 17    Str: 26    XL:     9   Next: 79%
Magic:  9/9        EV:  9    Int: 10    God:    Trog [****..]
Gold:   315        SH:  4    Dex: 13    Spells: 8/8 levels left

rFire   . . .      SeeInvis .   a - +1 hand axe
rCold   . . .      Faith    .   (no shield)
rNeg    . . .      Spirit   .   z - +0 plate armour
rPois   .          Reflect  .   n - +1 hat {Will+}
rElec   .          Harm     .   D - +0 cloak {Stlth+}
rCorr   .          Rampage  .   x - +0 pair of gloves
Will    +++..                   s - +0 pair of boots
Stlth   ..........              (no amulet)
HPRegen 1.22/turn               i - +6 ring of strength
MPRegen 0.22/turn               (no ring)

@: lethally poisoned (0 -> -1), strong-willed, on berserk cooldown,
regenerating, slowed, very slow
A: large bone plates 1, powered by death 2, magic regeneration, noise
suppression
a: Renounce Religion, Berserk, Trog's Hand, Brothers in Arms


You were on level 8 of the Dungeon.
You worshipped Trog.
Trog was greatly pleased with you.
You visited 1 branch of the dungeon, and saw 8 of its levels.
You also visited: Sewer.

You collected 315 gold pieces.

Inventory:

Hand Weapons
 a - a +1 hand axe (weapon)
 k - a +2 vorpal mace
 m - a +0 eveningstar
Missiles
 b - 6 boomerangs (quivered)
 t - a throwing net
Armour
 n - a +1 hat of willpower (worn)
 s - a +0 pair of boots (worn)
 x - a +0 pair of gloves (worn)
 z - a +0 plate armour (worn)
 D - a +0 cloak of stealth (worn)
Jewellery
 i - a +6 ring of strength (left hand)
Wands
 v - a wand of mindburst (12)
 B - a wand of iceblast (12)
Scrolls
 p - 3 scrolls of enchant weapon
 r - a scroll of teleportation
 u - 2 scrolls of amnesia {unknown}
 y - a scroll of enchant armour
 A - 2 scrolls of identify
 C - a scroll of fog {unknown}
Potions
 c - a potion of lignification
 d - 2 potions of might
 e - 4 potions of curing
 f - a potion of invisibility
 g - a potion of flight {unknown}
 h - 3 potions of magic
 j - a potion of attraction {unknown}
 l - a potion of mutation
 o - 3 potions of heal wounds {unknown}
 q - a potion of cancellation {unknown}
 w - 2 potions of ambrosia {unknown}
 E - a potion of haste {unknown}


   Skills:
 * Level 8.7 Fighting
 * Level 8.0 Axes
 + Level 5.4 Armour
 + Level 5.4 Dodging


You had 8 spell levels left.
You didn't know any spells.
Your spell library was empty.

Dungeon Overview and Level Annotations

Branches:
Dungeon (8/15)             Temple (0/1) D:7           Sewer (visited)
   Lair: D:8-11

Altars:
The Shining One

Shops:
D:6 ?


Innate Abilities, Weirdness & Mutations

You are partially covered in large bone plates. (SH +4)
You regenerate health from kills.
You regenerate magic rapidly.
You passively dampen the noise of your surroundings.


Message History

You are more poisoned.
You feel a strong urge to attack something.
You feel very sick.
The killer bee attacks as you move away!
The killer bee stings you but does no damage.
You are no longer berserk.
You are exhausted.
You feel yourself slow down.
You feel very sick. The killer bee closely misses you.
You block the killer bee's attack. The killer bee barely misses you.
The killer bee stings you but does no damage.
You feel extremely sick. You block the killer bee's attack.
The killer bee stings you but does no damage.
The killer bee closely misses you.
The killer bee stings you but does no damage.
You block the killer bee's attack.
The killer bee stings you but does no damage.
You feel very sick.
The killer bee stings you but does no damage. x2
You block the killer bee's attack.
The kobold brigand hits you with a +0 dagger.
* * * LOW HITPOINT WARNING * * *
The killer bee barely misses you. The killer bee closely misses you.
You feel very sick.
The kobold brigand hits you but does no damage.
The killer bee stings you but does no damage. x2
The kobold brigand hits you but does no damage.
The killer bee stings you but does no damage.
Unknown command.
You feel sick. The killer bee stings you!
* * * LOW HITPOINT WARNING * * *
The killer bee stings you but does no damage.
You block the killer bee's attack. The killer bee stings you.
* * * LOW HITPOINT WARNING * * *
The killer bee stings you.
* * * LOW HITPOINT WARNING * * *
The killer bee stings you!
You die...

#....<.......#..... ....
###.##.#####.#.....
.....## #.##.#######....#
......# #.#......[......#
......# #.#..########...#
......# #.#..............
....## #.##.########
########..####.).........
#.........Kyy@.##.######.
#.....$.....yy.##.#
#.....)....KK..##.#
#..............##.#
#..............##.#
#..............##.#
#......[.......# .#
#....?.........#
#..............#


You could see a kobold brigand, 4 killer bees and 2 kobolds.

Vanquished Creatures
  Pikel (D:4)
  Sigmund (D:2)
  A wraith (D:5)
  Edmund (D:4)
  Menkaure (D:7)
  2 water moccasins
  2 ice beasts
  3 black bears
  2 orc warriors
  3 sky beasts
  A centaur (D:5)
  2 scorpions
  3 bullfrogs
  2 necrophages
  4 orc priests
  2 gnoll shamans (D:5)
  2 hounds
  Crazy Yiuf (D:2)
  5 iguanas
  An orc wizard (D:8)
  15 gnolls
  13 adders
  A river rat (Sewer)
  A shadow imp (D:5)
  A white imp (D:7)
  2 worms
  24 orcs
  10 bats
  5 endoplasms
  2 giant cockroaches
  4 goblins
  6 hobgoblins
  14 jackals
  6 kobolds
  4 quokkas
  8 ball pythons
  5 frilled lizards
  6 rats
167 creatures vanquished.

Vanquished Creatures (others)
  15 plants (Sewer)
15 creatures vanquished.

Grand Total: 182 creatures vanquished

Notes
Turn   | Place    | Note
-------+----------+-------------------------------------------
     0 | D:1      | sammy202020 the Demonspawn Berserker began the quest for
                  | the Orb.
     0 | D:1      | Reached XP level 1. HP: 18/18 MP: 1/1
   165 | D:1      | Gained mutation: You regenerate a little health from kills.
                  | [demonic ancestry]
   165 | D:1      | Reached XP level 2. HP: 22/24 MP: 2/2
   899 | D:1      | Found a faded altar of an unknown god.
   942 | D:2      | Noticed Sigmund
   947 | D:2      | Gained mutation: You regenerate health from kills. [demonic
                  | ancestry]
   947 | D:2      | Reached XP level 3. HP: 29/29 MP: 3/3
   955 | D:2      | Killed Sigmund
   956 | D:2      | Reached XP level 4. HP: 37/37 MP: 4/4
   956 | D:2      | Reached XP level 5. HP: 42/42 MP: 5/5
  1206 | D:2      | Reached ** piety under Trog
  1805 | D:2      | Found a runed translucent door.
  1806 | D:2      | Noticed Crazy Yiuf
  1813 | D:2      | Killed Crazy Yiuf
  1836 | D:2      | Gained mutation: Your body sometimes deteriorates upon
                  | taking damage. [potion of mutation]
  1836 | D:2      | Gained mutation: Your body often deteriorates upon taking
                  | damage. [potion of mutation]
  1837 | D:2      | Lost mutation: Your body often deteriorates upon taking
                  | damage. [potion of mutation]
  1837 | D:2      | Lost mutation: Your body sometimes deteriorates upon taking
                  | damage. [potion of mutation]
  1837 | D:2      | Gained mutation: You passively dampen the noise of your
                  | surroundings. [potion of mutation]
  2432 | D:3      | Gained mutation: You are partially covered in large bone
                  | plates. (SH +4) [demonic ancestry]
  2432 | D:3      | Reached XP level 6. HP: 47/49 MP: 6/6
  2711 | D:4      | Found a glowing drain.
  2717 | Sewer    | Entered a sewer
  3620 | D:4      | Reached skill level 5 in Fighting
  3639 | D:4      | Noticed Edmund
  3659 | D:4      | Killed Edmund
  3660 | D:4      | Reached XP level 7. HP: 36/56 MP: 7/7
  4338 | D:4      | Reached skill level 5 in Axes
  4448 | D:4      | Noticed Pikel
  4471 | D:4      | Killed Pikel
  4472 | D:4      | Reached XP level 8. HP: 28/65 MP: 8/8
  4881 | D:5      | Entered Level 5 of the Dungeon
  5314 | D:5      | Identified the +4 rapier "Toeqen" {protect, Stlth+}
  5472 | D:5      | Reached *** piety under Trog
  5691 | D:5      | Gained mutation: You regenerate magic rapidly. [demonic
                  | ancestry]
  5691 | D:5      | Reached XP level 9. HP: 34/72 MP: 9/9
  6253 | D:6      | Found Suegum Pemn's Magic Scroll Emporium.
  6260 | D:6      | Identified the +4 falchion "Fuofo" {vorpal, Will+ Dex+3}
  6352 | D:6      | Reached skill level 5 in Armour
  6616 | D:7      | Reached skill level 5 in Dodging
  6660 | D:7      | Noticed Menkaure
  6674 | D:7      | Killed Menkaure
  7151 | D:7      | Found a staircase to the Ecumenical Temple.
  7162 | D:7      | Reached **** piety under Trog
  7937 | D:8      | Slain by a killer bee

Illustrated notes

Levels and vault maps discovered:
D:1:      eino_arrival_water_cross, layout_rooms,
          chequers_ecumenical_altar_twisty
D:2:      layout_basic, basic_altar, chequers_serial_rivers_small_a,
          serial_park_tiny_1, uniq_crazy_yiuf_cottage, uniq_sigmund
D:3:      layout_loops_ring
D:4:      layout_loops_ring, gup_sewer_entry_bubbles, uniq_pikel, uniq_edmund
D:5:      layout_basic, kennysheep_orc_sif_temple, kennysheep_generic_room_4
D:6:      layout_basic, serial_shops, shop_scrolls
D:7:      layout_basic, minmay_temple_entry_statues_fountains,
          minmay_misc_feat_rugged, grunt_ministairs_5, kennysheep_small_square,
          uniq_menkaure
D:8:      layout_basic, nicolae_figureground_sparkle, uniq_grum

Skill      XL: |  1  2  3  4  5  6  7  8  9 |
---------------+----------------------------+-----
Armour         | 2 3 4 5 |  5.4
Axes           | 3 4 5 6 8 |  8.0
Dodging        | 2 3 4 5 |  5.4
Fighting       | 4 5 6 7 8 |  8.7

Action                   |  1- 3 |  4- 6 |  7- 9 || total
-------------------------+-------+-------+-------++-------
Melee: Hand axe          |    66 |   276 |   493 ||   835
       Punch             |       |     3 |    10 ||    13
Throw: Boomerang         |     3 |       |     3 ||     6
Invok: Berserk           |     1 |     3 |     4 ||     8
       Trog's Hand       |       |       |     5 ||     5
  Use: Scroll            |       |    10 |     3 ||    13
       Potion            |       |     2 |       ||     2
 Stab: Invisible         |       |     1 |       ||     1
Armor: Animal skin       |    17 |       |       ||    17
       Scale mail        |     8 |   102 |   124 ||   234
       Plate armour      |       |       |   112 ||   112
Dodge: Dodged            |    70 |   161 |   224 ||   455
Block: Other             |       |    37 |    66 ||   103

Table legend: (Time is in decaauts)
 A = Elapsed time spent in this place.
 B = Non-inter-level travel time spent in this place.
 C = Inter-level travel time spent in this place.
 D = Time resting spent in this place.
 E = Time spent auto-exploring this place.
 F = Levels seen in this place.
 G = Mean time per level.
                   A        B        C        D        E       F      G
               +--------+--------+--------+--------+--------+-----+--------+
         Total |   8195 |   8037 |    158 |    560 |   5688 |   9 |  910.6 |
       Dungeon |   7293 |   7135 |    158 |    560 |   5074 |   8 |  911.6 |
         Sewer |    902 |    902 |      0 |      0 |    614 |   1 |  902.0 |
               +--------+--------+--------+--------+--------+-----+--------+

Top non-repeatable levels by time:
     D:4: 1588 daAuts
     D:7: 1075 daAuts
     D:2: 993 daAuts
     D:1: 951 daAuts
   Sewer: 902 daAuts
     D:5: 872 daAuts
     D:6: 861 daAuts
     D:3: 673 daAuts
     D:8: 277 daAuts
